 Dungeon Crawl Stone Soup version 0.18.1-48-g4cf74bf (webtiles) character file.

192890 nikopol the Impaler (level 18, -1/163 HPs)
             Began as a Minotaur Berserker on Aug 4, 2016.
             Was the Champion of Trog.
             Shot with a bolt by Vashnia (2 damage)
             ... on level 4 of the Snake Pit.
             The game lasted 02:23:58 (34466 turns).

nikopol the Impaler (Minotaur Berserker)           Turns: 34466, Time: 02:23:59

Health: -1/163     AC: 32    Str: 34    XL:     18   Next: 5%
Magic:  17/17      EV: 15    Int:  4    God:    Trog [******]
Gold:   3603       SH:  0    Dex: 16    Spells: 0 memorised, 17 levels left

rFire  + . .     SeeInvis +     a - +8 glaive of the Guard {elec, +Rage AC+5 SInv}
rCold  + . .     Gourm    .     T - +2 chain mail {rF+}
rNeg   . . .     Faith    .     (shield currently unavailable)
rPois  +         Spirit   .     w - +2 hat
rElec  .         Dismiss  +     q - +2 cloak "Cousiar" {rPois}
rCorr  +         Reflect  .     t - +1 pair of gloves "Pesoum" {rC+ Str+4}
SustAt .         Harm     .     E - +2 pair of boots
MR     +....                    K - amulet "Mimori" {Dismiss Str+6 Stlth+}
Stlth  ..........               P - ring of resist corrosion
                                (no ring)

@: lethally poisoned (-1 -> -2), exhausted, about to teleport, slowed,
constricted, very slow, somewhat resistant to hostile enchantments, extremely
unstealthy
A: retaliatory headbutt, horns 2
a: Berserk, Trog's Hand, Brothers in Arms, Burn Spellbooks, Renounce Religion,
Evoke Berserk Rage


You were on level 4 of the Snake Pit.
You worshipped Trog.
Trog was exalted by your worship.
You were near starving.

You visited 4 branches of the dungeon, and saw 29 of its levels.
You also visited: Ice Cave and Volcano.

You collected 3998 gold pieces.
You spent 395 gold pieces at shops.

Inventory:

Hand Weapons
 a - the +8 glaive of the Guard (weapon) {elec, +Rage AC+5 SInv}
   (Trog gifted it to you on level 2 of the Orcish Mines)

   Occasionally, upon striking a foe, it will discharge some electrical energy
   and cause terrible harm.
   It affects your AC (+5).
   It lets you see invisible.
   It lets you go berserk.
 f - a +4 antimagic bardiche
 z - a +5 shortbow of freezing
 O - a +4 longbow of flaming
Missiles
 d - 589 arrows (quivered)
Armour
 q - the +2 cloak "Cousiar" (worn) {rPois}
   (You bought it in a shop on level 2 of the Orcish Mines)

   It protects you from poison.
 t - the +1 pair of gloves "Pesoum" (worn) {rC+ Str+4}
   (You found it on level 2 of the Lair of Beasts)

   It affects your strength (+4).
   It protects you from cold.
 w - a +2 hat (worn)
 E - a +2 pair of boots (worn)
 T - a +2 chain mail of fire resistance (worn)
Jewellery
 l - an uncursed ring of sustain attributes
 K - the amulet "Mimori" (around neck) {Dismiss Str+6 Stlth+}
   (You found it on level 6 of the Dungeon)

   [amulet of dismissal]

   It may teleport away creatures that harm you.
   It affects your strength (+6).
   It makes you more stealthy.
 M - an uncursed amulet of the gourmand {unknown}
 P - a ring of resist corrosion (right hand)
 Q - an uncursed ring of flight
 V - an uncursed ring of protection from cold
Wands
 g - a wand of heal wounds (5/9)
 v - a wand of disintegration (11/24)
 H - a wand of teleportation (5/9)
 R - a wand of digging (11/24)
Scrolls
 h - 3 scrolls of fog
 j - 8 scrolls of teleportation
 m - 5 scrolls of magic mapping
 n - 10 scrolls of fear
 y - a scroll of silence
 F - 8 scrolls of remove curse
 L - 4 scrolls of enchant armour
 W - 2 scrolls of blinking
Potions
 e - 7 potions of heal wounds
 k - 4 potions of might
 o - a potion of magic
 p - 5 potions of curing
 s - 4 potions of brilliance
 x - 2 potions of cure mutation
 A - 7 potions of flight
 B - 4 potions of resistance
 C - 3 potions of ambrosia
 D - 2 potions of berserk rage
 G - 3 potions of haste
 I - 7 potions of agility
 J - 4 potions of cancellation
Comestibles
 b - 13 fruits
 c - 15 bread rations
 i - 13 meat rations
 r - a slice of pizza
 u - 3 beef jerkies


   Skills:
 + Level 15.5 Fighting
 * Level 19.9 Polearms
 + Level 17.5 Bows
 * Level 15.9 Armour
 + Level 14.0 Dodging


You had 17 spell levels left.
You didn't know any spells.

Dungeon Overview and Level Annotations

Branches:
Dungeon (15/15)            Temple (0/1) D:4            Lair (8/8) D:11
 Shoals (0/4) Lair:4        Snake (4/4) Lair:4        Slime (0/6) Lair:7
    Orc (2/2) D:11            Elf (0/3) Orc:2        Vaults (0/5) D:14
 Depths (0/5) D:15

Altars:
Ashenzari
Cheibriados
Elyvilon
Fedhas
Gozag
Nemelex Xobeh
Pakellas
Qazlal
Ru
Trog
Vehumet
The Shining One
Jiyva

Shops:
D:12 =   Orc:2 *:::([??*

Portals:
Pandemonium: Orc:2
Trove: D:14 (give 7 potions of agility)

Annotations:
Snake:4 Vashnia


Innate Abilities, Weirdness & Mutations

You reflexively headbutt those who attack you in melee.
You have a pair of horns on your head.


Message History

* * * LOW HITPOINT WARNING * * *
Things that are here:
3 bolts; an arrow Evoke which item? (* to show all) (? for menu, Esc to quit)
Zapping:
g - a wand of heal wounds (6/9)
Press: ? - help, Shift-Dir - straight line, f - you You feel much better.
This wand has 5 charges left.
Vashnia mumbles some strange words.
Space distorts along a thin shroud covering Vashnia's body.
Vashnia blinks!
The naga hits you but does no damage. The naga grabs you.
The naga constricts you.
Evoke which item? (* to show all) (? for menu, Esc to quit)
Zapping:
H - a wand of teleportation (6/9)
Press: ? - help, Shift-Dir - straight line, f - you You feel strangely unstable.
This wand has 5 charges left.
Vashnia casts a spell.
Vashnia magically shoots a bolt.
The bolt hits you!!
* * * LOW HITPOINT WARNING * * *
The bolt burns you.
You die...

........##..(. ....##.....
.........##..(# #...##......
.......)..##...# #...##.......
....[).....##..§## #...##........
............##(N(##...##.........
..........)))##SN.)..##..........
..........[.))##....##...........
..........÷.()(##''##.)..........
.........)...)()@N(...)).....(..#
...............(..(...).........#
................(...............#
.............N...(..............#
........).)..............<......#
........^..∩.........N..........#
...).).).........#####..^.......#
..######.........#....#.........+
..#....'.........#....#.........#


You could see Vashnia, a naga warrior and a naga.

Vanquished Creatures
  Rupert (Lair:3)
  8 greater nagas
  Maud (D:10)
  Snorg (Lair:8)
  A fire dragon (D:15)
  Josephine (D:15)
  7 hydras
  2 rakshasas (D:15)
  11 naga warriors
  8 anacondas
  4 centaur warriors
  A death knight (D:13)
  An ogre mage (D:15)
  A queen ant (Lair:6)
  8 death yaks
  6 orc high priests (Orc:2)
  9 shock serpents
  8 naga sharpshooters
  Sonja (Lair:3)
  4 skeletal warriors (D:15)
  3 wizards
  A salamander mystic (Snake:4)
  An unseen horror (D:15)
  2 infernal demonspawn (Orc:2)
  9 naga ritualists
  10 hill giants
  Pikel (D:6)
  A deep elf mage (D:15)
  A necromancer (D:14)
  3 orc knights (Orc:2)
  5 griffons
  14 mana vipers
  28 ugly things
  7 orc sorcerers (Orc:2)
  3 oklob plants (Lair:5)
  A cyclops (D:15)
  11 salamanders
  A sixfirhy (Orc:2)
  The ghost of p0werm0de the Martial Artist, a novice OpMo of Xom (D:6)
  A salamander (shapeshifter) (D:15)
  3 centaur zombies
  A guardian serpent (shapeshifter) (D:12)
  48 black mambas
  A siren (Lair:4)
  10 elephants
  10 naga magi
  2 smoke demons (Orc:2)
  5 guardian serpents
  4 large abominations (D:10)
  17 spiny frogs
  2 gargoyles
  Psyche (D:11)
  2 rime drakes
  5 komodo dragons
  An ice devil (Orc:2)
  An efreet (D:13)
  6 kobold demonologists
  A guardian mummy (Volcano)
  A spriggan druid (Lair:8)
  5 trolls
  A merfolk (D:9)
  25 polar bears
  Grinder (D:6)
  A minotaur skeleton (Volcano)
  5 two-headed ogres
  14 blink frogs
  8 slime creatures
  2 flying skulls (Volcano)
  2 redbacks (Lair:8)
  12 spriggans (Lair:8)
  2 shadows
  A yak (shapeshifter) (D:15)
  4 vampires
  6 wraiths
  57 yaks
  4 fire bats (Lair:2)
  Eustachio (D:5)
  A fire elemental (Lair:4)
  5 wyverns
  2 hogs (Lair:6)
  2 basilisks
  2 hungry ghosts
  7 small abominations (D:10)
  A steam dragon (Lair:6)
  3 vampire mosquitoes
  A hippogriff (shapeshifter) (D:15)
  11 hippogriffs
  2 hill giant skeletons (Volcano)
  2 mottled dragons
  20 soldier ants (Lair:6)
  3 swamp worms (Lair:1)
  A warg (Orc:2)
  46 nagas
  14 water moccasins
  9 porcupines
  A hornet simulacrum (D:15)
  A merfolk skeleton (Volcano)
  14 ice beasts
  3 sky beasts
  An eye of draining (Lair:7)
  2 necrophages
  27 orc warriors
  5 wasps
  9 black bears (Lair:8)
  15 ogres
  3 boggarts (D:15)
  12 centaurs
  15 crocodiles
  34 wolves
  6 big kobolds
  23 giant frogs
  4 wyvern zombies
  2 wyvern skeletons
  A scorpion (D:8)
  12 killer bees
  19 wights
  3 electric eels
  2 troll skeletons (Volcano)
  2 howler monkeys
  9 crimson imps
  A giant frog zombie (D:7)
  A lava snake (Lair:4)
  2 hounds
  A wasp zombie (D:10)
  2 quasits
  4 jellies
  Crazy Yiuf (D:7)
  12 orc priests
  A gnoll shaman (D:8)
  9 iguanas
  7 centaur skeletons
  3 giant frog skeletons
  2 two-headed ogre skeletons (Volcano)
  32 worker ants
  24 orc wizards
  6 sheep (Lair:7)
  2 ogre skeletons (Volcano)
  2 hound zombies
  2 hound skeletons
  2 mummies (Volcano)
  A worker ant zombie (D:7)
  3 gnolls (D:8)
  18 adders
  63 river rats
  5 shadow imps
  6 oozes
  2 adder skeletons
  2 adder zombies (D:9)
  18 worms
  4 dart slugs
  5 giant geckos
  75 orcs
  2 ball pythons
  8 giant cockroaches
  7 goblins
  7 hobgoblins
  8 jackals
  25 kobolds
  5 quokkas
  6 bats
  A giant gecko skeleton (D:7)
  4 giant newts
  15 rats
  8 fungi
  8 plants
1239 creatures vanquished.

Vanquished Creatures (collateral kills)
  Kirke (Lair:5)
  An orc knight (Orc:2)
  A sixfirhy (Orc:2)
  A hellwing (Orc:2)
  2 yaks (Lair:5)
  A steam dragon (D:7)
  A chaos spawn (Orc:2)
  An orc warrior (Orc:2)
  2 orc priests (Orc:2)
  An orc (Orc:2)
12 creatures vanquished.

Vanquished Creatures (others)
  A human (Lair:6)
  A naga (Snake:1)
  A manticore skeleton (Volcano)
  3 orcs
  A jackal (D:7)
  A quokka (D:6)
  A giant newt (D:6)
  22 fungi
  10 plants
41 creatures vanquished.

Grand Total: 1292 creatures vanquished

Notes
Turn   | Place    | Note
--------------------------------------------------------------
     0 | D:1      | nikopol the Minotaur Berserker began the quest for the Orb.
     0 | D:1      | Reached XP level 1. HP: 19/19 MP: 0/0
     1 | D:1      | Found a runed door.
     5 | D:1      | Noticed a jelly
    58 | D:1      | Reached XP level 2. HP: 23/27 MP: 1/1
   154 | D:1      | Reached skill level 4 in Polearms
   206 | D:1      | Reached ** piety under Trog
   603 | D:1      | Reached XP level 3. HP: 31/33 MP: 2/2
   837 | D:1      | Reached XP level 4. HP: 41/41 MP: 3/3
  1060 | D:2      | Reached *** piety under Trog
  1084 | D:2      | Found a snail-covered altar of Cheibriados.
  1139 | D:2      | Found a bloodstained altar of Trog.
  1406 | D:2      | Reached XP level 5. HP: 46/47 MP: 4/4
  1781 | D:3      | Reached skill level 5 in Polearms
  1831 | D:3      | Received a gift from Trog
  2277 | D:3      | Found a sacrificial altar of Ru.
  2542 | D:4      | Reached skill level 5 in Fighting
  2658 | D:4      | Reached XP level 6. HP: 47/56 MP: 5/5
  2742 | D:4      | Found a staircase to the Ecumenical Temple.
  2993 | D:4      | Found an oddly glowing altar of Pakellas.
  3064 | D:4      | Reached **** piety under Trog
  3360 | D:4      | Reached skill level 5 in Armour
  3367 | D:4      | Reached XP level 7. HP: 54/61 MP: 6/6
  3523 | D:5      | Entered Level 5 of the Dungeon
  3535 | D:5      | Reached skill level 6 in Polearms
  3687 | D:5      | Reached skill level 5 in Dodging
  3900 | D:5      | Noticed Eustachio
  3933 | D:5      | Killed Eustachio
  3933 | D:5      | Reached skill level 1 in Bows
  3985 | D:5      | Reached XP level 8. HP: 71/71 MP: 7/7
  4362 | D:5      | Reached skill level 7 in Polearms
  4693 | D:6      | Found an oddly glowing altar of Pakellas.
  4820 | D:6      | Noticed Grinder
  4844 | D:6      | Killed Grinder
  5053 | D:6      | Noticed p0werm0de's ghost (novice OpMo)
  5065 | D:6      | Reached ***** piety under Trog
  5065 | D:6      | Reached skill level 8 in Polearms
  5070 | D:6      | Killed p0werm0de's ghost
  5070 | D:6      | Reached XP level 9. HP: 79/79 MP: 8/8
  5127 | D:6      | Reached skill level 5 in Bows
  5151 | D:6      | Noticed Pikel
  5170 | D:6      | Killed Pikel
  5218 | D:6      | Found a shattered altar of Ashenzari.
  5316 | D:6      | Got a clouded ivory amulet
  5425 | D:6      | Reached skill level 9 in Polearms
  5965 | D:7      | Received a gift from Trog
  6270 | D:7      | Found a radiant altar of Vehumet.
  6350 | D:7      | Reached XP level 10. HP: 87/90 MP: 9/9
  6530 | D:7      | Found a glowing golden altar of the Shining One.
  6613 | D:7      | Noticed Crazy Yiuf
  6620 | D:7      | Killed Crazy Yiuf
  6970 | D:8      | Reached skill level 10 in Polearms
  7158 | D:9      | Received a gift from Trog
  7235 | D:9      | Found a white marble altar of Elyvilon.
  7770 | D:9      | Found a white marble altar of Elyvilon.
  7813 | D:9      | Reached skill level 11 in Polearms
  8006 | D:10     | Entered Level 10 of the Dungeon
  8042 | D:10     | Identified the amulet "Mimori" {Dismiss Str+6 Stlth+} (You found it on level 6 of the Dungeon)
  8167 | D:10     | Reached XP level 11. HP: 96/96 MP: 10/10
  8372 | D:10     | Noticed a red ugly thing
  8383 | D:10     | Killed a red ugly thing
  8432 | D:10     | Noticed a wizard
  8440 | D:10     | Killed a wizard
  8454 | D:10     | Noticed a large abomination
  8486 | D:10     | Killed a large abomination
  8831 | D:10     | Noticed Maud
  8839 | D:10     | Killed Maud
  8839 | D:10     | Reached skill level 12 in Polearms
  9241 | D:11     | Reached skill level 10 in Fighting
  9241 | D:11     | Received a gift from Trog
  9260 | D:11     | Noticed a hill giant
  9271 | D:11     | Killed a hill giant
  9271 | D:11     | Reached skill level 10 in Bows
  9304 | D:11     | Found a staircase to the Orcish Mines.
  9471 | D:11     | Found a staircase to the Lair.
  9696 | D:11     | Noticed Psyche
  9795 | D:11     | Killed Psyche
  9927 | D:11     | Received a gift from Trog
 10481 | Lair:1   | Entered Level 1 of the Lair of Beasts
 10495 | Lair:1   | Reached XP level 12. HP: 72/105 MP: 11/11
 10702 | Lair:1   | Found a dark tunnel.
 10712 | Volcano  | Entered a volcano
 10772 | Volcano  | Reached skill level 10 in Armour
 10934 | Volcano  | Reached ****** piety under Trog
 11281 | Lair:1   | Reached skill level 13 in Polearms
 11744 | Lair:1   | Received a gift from Trog
 12675 | Lair:2   | Got a pair of smoking gloves
 12681 | Lair:2   | Identified the +1 pair of gloves "Pesoum" {rC+ Str+4} (You found it on level 2 of the Lair of Beasts)
 12845 | Lair:2   | Received a gift from Trog
 13457 | Lair:3   | Noticed Sonja
 13472 | Lair:3   | Killed Sonja
 13865 | Lair:3   | Noticed Rupert
 13877 | Lair:3   | Killed Rupert
 14101 | Lair:3   | Received a gift from Trog
 14105 | Lair:3   | Reached XP level 13. HP: 115/115 MP: 12/12
 14719 | Lair:4   | Reached skill level 14 in Polearms
 14719 | Lair:4   | Reached skill level 10 in Dodging
 14770 | Lair:4   | Found a staircase to the Snake Pit.
 14794 | Lair:4   | Received a gift from Trog
 14798 | Lair:4   | Got an ancient longbow {god gift}
 15029 | Lair:4   | Identified the +3 longbow "Nuihem" {freeze, +Blink rC+} (Trog gifted it to you on level 4 of the Lair of Beasts)
 15383 | Lair:4   | Found a staircase to the Shoals.
 16653 | Lair:6   | Noticed Kirke
 16681 | Lair:5   | Killed Kirke
 17250 | Lair:6   | Reached skill level 15 in Polearms
 17263 | Lair:6   | Received a gift from Trog
 18403 | Lair:7   | Reached XP level 14. HP: 117/125 MP: 13/13
 18508 | Lair:7   | Received a gift from Trog
 18764 | Lair:7   | Found a staircase to the Slime Pits.
 18764 | Lair:7   | Found a viscous altar of Jiyva.
 18958 | Lair:8   | Entered Level 8 of the Lair of Beasts
 18958 | Lair:8   | Found an opulent altar of Gozag.
 18983 | Lair:8   | Noticed Snorg
 19535 | Lair:8   | Killed Snorg
 20195 | Lair:8   | Received a gift from Trog
 20232 | Lair:8   | Reached skill level 16 in Polearms
 20972 | Lair:8   | Received a gift from Trog
 21397 | Lair:8   | Reached XP level 15. HP: 134/134 MP: 14/14
 21400 | Lair:8   | Received a gift from Trog
 21843 | Orc:1    | Entered Level 1 of the Orcish Mines
 22094 | Orc:2    | Entered Level 2 of the Orcish Mines
 22111 | Orc:2    | Found Nunuz's Armour Boutique.
 22211 | Orc:2    | Found Goret's Assorted Antiques.
 22230 | Orc:2    | Bought an encrusted cloak for 323 gold pieces
 22240 | Orc:2    | Identified the +2 cloak "Cousiar" {rPois} (You bought it in a shop on level 2 of the Orcish Mines)
 22315 | Orc:2    | Found Zugro's Magic Scroll Boutique.
 22316 | Orc:2    | Found Gucwuhaa's Magic Scroll Shop.
 22585 | Orc:2    | Bought a scroll of identify for 24 gold pieces
 22585 | Orc:2    | Bought a scroll of identify for 24 gold pieces
 22585 | Orc:2    | Bought a scroll of identify for 24 gold pieces
 22657 | Orc:2    | Received a gift from Trog
 22838 | Orc:2    | Reached skill level 15 in Bows
 22929 | Orc:2    | Found Etosin's Book Shoppe.
 22929 | Orc:2    | Found a one-way gate leading to the halls of Pandemonium.
 22929 | Orc:2    | Found Yruseff's Antique Weapon Emporium.
 23105 | Orc:2    | Found Huokujug's General Store.
 23146 | Orc:2    | Found Luurig's Book Shoppe.
 23221 | Orc:2    | Found a staircase to the Elven Halls.
 23232 | Orc:2    | Found Xotwy's Book Shoppe.
 23541 | Orc:1    | Reached skill level 17 in Polearms
 23731 | D:12     | Found Taken's Jewellery Boutique.
 24542 | D:13     | Received a gift from Trog
 25195 | D:13     | Found a frozen archway.
 25218 | IceCv    | Entered an ice cave
 25465 | IceCv    | Received a gift from Trog
 25659 | IceCv    | Noticed a frost giant
 26218 | D:14     | Reached XP level 16. HP: 131/144 MP: 15/15
 26493 | D:14     | Found a sparkling altar of Nemelex Xobeh.
 26526 | D:14     | Received a gift from Trog
 26587 | D:14     | Received a gift from Trog
 26694 | D:14     | Found a portal to a secret trove of treasure.
 26857 | D:14     | Reached skill level 18 in Polearms
 26931 | D:14     | Found a blossoming altar of Fedhas.
 27203 | D:14     | Found a gate to the Vaults.
 27308 | D:15     | Entered Level 15 of the Dungeon
 27695 | D:15     | Found a staircase to the Depths.
 27932 | D:15     | Found a stormy altar of Qazlal.
 27943 | D:15     | Noticed Josephine
 27955 | D:15     | Killed Josephine
 28239 | D:15     | Received a gift from Trog
 28833 | Snake:1  | Entered Level 1 of the Snake Pit
 29264 | Snake:1  | Got a smoking tin ring
 29891 | Snake:2  | Received a gift from Trog
 29900 | Snake:2  | Reached XP level 17. HP: 125/153 MP: 16/16
 30751 | Snake:2  | Got a scorched lajatang
 30752 | Snake:2  | Identified the +8 lajatang "Killer Klown's Death" {venom, Int+4} (You found it on level 2 of the Snake Pit)
 31404 | Snake:3  | Reached skill level 19 in Polearms
 31782 | Snake:3  | Reached skill level 15 in Armour
 31795 | Snake:3  | Reached skill level 15 in Fighting
 31931 | Snake:3  | Found a snail-covered altar of Cheibriados.
 32134 | Snake:3  | Received a gift from Trog
 32896 | Snake:4  | Entered Level 4 of the Snake Pit
 32910 | Snake:4  | Received a gift from Trog
 33421 | Snake:4  | Identified the ring "Fomperia" {Ice rN++ Str+9 Int-3 Dex-5} (You took it off a salamander on level 1 of the Snake Pit)
 34111 | Snake:4  | Received a gift from Trog
 34432 | Snake:4  | Reached XP level 18. HP: 121/162 MP: 17/17
 34438 | Snake:4  | Noticed Vashnia
 34466 | Snake:4  | HP: 1/163 [Vashnia/bolt (31)]
 34466 | Snake:4  | Shot with a bolt by Vashnia

Skill      XL: |  1  2  3  4  5  6  7  8  9 10 11 12 13 14 15 16 17 18 |
---------------+-------------------------------------------------------+-----
Polearms       | 4 5 6 8 9 11 12 13 15 16 17 18 19 | 19.9
Armour         | 3 4 5 6 7 8 9 10 11 12 13 14 15 | 15.9
Fighting       | 4 5 6 7 8 9 10 11 12 13 14 15 | 15.5
Dodging        | 3 4 5 6 7 8 9 10 11 12 13 14 | 14.0
Bows           | 1 4 6 8 10 12 13 14 15 16 17 | 17.5

Action                   |  1- 3 |  4- 6 |  7- 9 | 10-12 | 13-15 | 16-18 || total
-------------------------+-------+-------+-------+-------+-------+-------++-------
Melee: Spear             |    90 |   241 |   143 |       |       |       ||   474
       Headbutt          |    11 |    46 |    57 |   113 |   229 |   130 ||   586
       Trident           |       |       |   106 |   221 |       |       ||   327
       Glaive            |       |       |       |   324 |   851 |   546 ||  1721
       Unarmed           |       |       |       |       |     8 |       ||     8
 Fire: Shortbow          |       |       |   113 |   346 |   505 |   748 ||  1712
       Longbow           |       |       |       |       |   208 |       ||   208
Invok: Berserk           |     1 |       |     4 |     7 |     6 |     3 ||    21
       Trog's Hand       |       |     1 |       |       |     1 |       ||     2
       Brothers in Arms  |       |       |     1 |       |     2 |       ||     3
       Burn Spellbooks   |       |       |       |     2 |     6 |     2 ||    10
Evoke: Wand              |       |       |       |     2 |       |     2 ||     4
  Use: Scroll            |       |       |       |    23 |    11 |     5 ||    39
       Potion            |       |       |       |       |     1 |       ||     1
 Stab: Sleeping          |       |       |     1 |       |       |       ||     1
  Eat: Chunk             |       |     9 |    13 |    20 |    38 |    23 ||   103
       Royal jelly       |       |       |     1 |     1 |       |     1 ||     3
       Pizza             |       |       |       |     4 |     1 |       ||     5
       Bread ration      |       |       |       |     1 |     1 |       ||     2
       Fruit             |       |       |       |       |     1 |       ||     1
       Beef jerky        |       |       |       |       |       |     1 ||     1
Armor: Ring mail         |     8 |    44 |     3 |       |       |       ||    55
       Leather armour    |       |       |    31 |    65 |       |       ||    96
       Chain mail        |       |       |       |    86 |   433 |   225 ||   744
Dodge: Dodged            |    33 |   106 |   121 |   278 |   604 |   318 ||  1460
